 Dungeon Crawl Stone Soup version 0.17-a0-1863-g715b4b0 (webtiles) character file.

285 Townskiller the Archer (level 6, -24/48 HPs)
             Began as a Centaur Hunter on Sept 21, 2015.
             Was an Initiate of Yredelemnul.
             Annihilated by an ogre
             ... wielding a +0 giant spiked club
              (27 damage)
             ... on level 4 of the Dungeon.
             The game lasted 00:23:42 (2605 turns).

Townskiller the Archer (Centaur Hunter)             Turns: 2605, Time: 00:23:43

Health: -24/48     AC:  7    Str: 14    XL:     6   Next: 7%
Magic:  6/6        EV:  7    Int: 10    God:    Yredelemnul [......]
Gold:   147        SH:  0    Dex: 12    Spells: 0 memorised, 5 levels left

rFire  . . .     SeeInvis .     t - +3 short sword
rCold  . . .     Clarity  .     o - +1 scale mail
rNeg   . . .     SustAt   .     (no shield)
rPois  .         Gourm    .     (no helmet)
rElec  .         Spirit   .     (no cloak)
rCorr  .         Warding  .     (no gloves)
rMut   .         Stasis   .     (no barding)
MR     .....                    (no amulet)
Stlth  ..........               (no ring)
                                (no ring)

@: very slightly contaminated, very quick, not resistant to hostile
enchantments, extremely unstealthy
A: hooves 3, deformed body, speed 2, tough skin 3
a: Renounce Religion


You were on level 4 of the Dungeon.
You worshipped Yredelemnul.
Yredelemnul was noncommittal.
You were not hungry.

You visited 1 branch of the dungeon, and saw 4 of its levels.

You collected 147 gold pieces.

Inventory:

Hand weapons
 a - a +2 shortbow
 c - a +0 short sword
 j - a +1 dagger of venom
 q - a +0 hunting sling
 t - a +3 short sword (weapon)
Missiles
 b - 29 arrows (quivered)
 i - 2 needles of sleeping
 k - a throwing net
 l - 50 bolts
Armour
 d - a +0 leather armour
 g - a +0 ring mail
 o - a +1 scale mail (worn)
 s - a +0 chain mail
 u - a +0 ring mail
 w - a +0 plate armour
Scrolls
 n - a scroll of random uselessness
 v - a scroll of teleportation
Potions
 f - a potion of might
Books
 x - a book of Debilitation

   Spells                             Type                      Level
   a - Corona                         Hexes                        1
   b - Slow                           Hexes                        2
   c - Gell's Gravitas                Hexes/Translocation          3
   d - Inner Flame                    Hexes/Fire                   3
   e - Cause Fear                     Hexes                        4
   f - Leda's Liquefaction            Hexes/Earth                  4
Comestibles
 e - a bread ration
 h - 4 meat rations
 m - a beef jerky
 r - a slice of pizza


   Skills:
 - Level 2.0 Fighting
 * Level 8.8 Bows
 - Level 0.7 Armour
 + Level 2.3 Dodging
 - Level 0.6 Stealth


You had 5 spell levels left.
You didn't know any spells.

Dungeon Overview and Level Annotations

Branches:
Dungeon (4/15)
 Temple: D:4-7

Altars:
Sif Muna
Yredelemnul


Innate Abilities, Weirdness & Mutations

You have hooves in place of feet.
Armour fits poorly on your strangely shaped body.
You cover ground very quickly.
You have extremely tough skin (AC +3).


Message History

Aim: an ogre, wielding a giant spiked club (moderately wounded)
You toss away an arrow.
The arrow hits the ogre but does no damage.
The ogre is moderately wounded.
Tossing away (i - inventory. (,) - cycle):
b - 30 arrows (quivered)
Press: ? - help, Shift-Dir - straight line, f/p - ogre
Aim: an ogre, wielding a giant spiked club (moderately wounded)
You toss away an arrow.
The arrow hits the ogre but does no damage.
The ogre is moderately wounded.
You barely miss the ogre.
The ogre is moderately wounded.
The ogre hits you with a giant spiked club!
* * * LOW HITPOINT WARNING * * *
You hit the ogre.
The ogre is heavily wounded.
The ogre hits you with a giant spiked club!!
Ouch! That really hurt!
You die...
Your body rises from the dead as a mindless zombie.

#. #..##)###.+
#..##......+..#
#..........##.#
##.##......##(#
##........(#
#.........(#
##..##..##(#
#..##'###O#
#.......((@#
#..........†...#
#.................
#.....[....###+##.
#....[.....#
##..##......
#...... .......


You could see an ogre.

Vanquished Creatures
  Sigmund (D:3)
  6 adders
  3 worms
  2 giant geckos
  6 orcs
  4 giant cockroaches
  2 gnoll zombies (D:3)
  4 hobgoblins
  8 jackals
  A quokka (D:4)
  4 bats
  2 giant newts
  7 goblins
  4 kobolds
  9 rats
63 creatures vanquished.

Notes
Turn   | Place    | Note
--------------------------------------------------------------
     0 | D:1      | Townskiller the Centaur Hunter began the quest for the Orb.
     0 | D:1      | Reached XP level 1. HP: 17/17 MP: 1/1
   265 | D:1      | Reached XP level 2. HP: 12/24 MP: 2/2
   270 | D:1      | Reached skill level 6 in Bows
   983 | D:1      | You fall through a shaft!
  1054 | D:2      | Reached XP level 3. HP: 26/29 MP: 3/3
  1155 | D:2      | Found a deep blue altar of Sif Muna.
  1203 | D:2      | Became a worshipper of Sif Muna the Loreminder
  1650 | D:2      | Reached skill level 7 in Bows
  1796 | D:3      | Reached XP level 4. HP: 31/36 MP: 4/4
  2143 | D:3      | Noticed Sigmund
  2173 | D:3      | Killed Sigmund
  2173 | D:3      | Reached skill level 8 in Bows
  2173 | D:3      | Reached XP level 5. HP: 13/41 MP: 5/5
  2173 | D:3      | Reached XP level 6. HP: 15/48 MP: 6/6
  2488 | D:3      | Found a basalt altar of Yredelemnul.
  2500 | D:3      | Fell from the grace of Sif Muna
  2500 | D:3      | Became a worshipper of Yredelemnul the Dark
  2605 | D:4      | Annihilated by an ogre

Vault maps used:
D:1:      tarquinn_simple_flora_water_c
D:2:      nicolae_overflow_crystal_walls, minmay_misc_feat_roman
D:3:      lemuel_zombie_altar_yredelemnul, fountainhead, uniq_sigmund
D:4:      cheibriados_altar_1

Action                   |  1- 3 |  4- 6 || total
-------------------------+-------+-------++-------
Melee: Dagger            |     1 |       ||     1
       Short sword       |    14 |    35 ||    49
 Fire: Shortbow          |   114 |    74 ||   188
Throw: Throwing net      |       |     1 ||     1
  Use: Scroll            |    10 |     3 ||    13
       Potion            |     3 |     2 ||     5
  Eat: Chunk             |       |     3 ||     3
